 Dungeon Sprint DCSS version 0.21-a0-331-gfb491b4 (webtiles) character file.

34 potatolord6000 the Insei (level 3, 0/29 HPs)
             Began as a Gnoll Transmuter on Oct 2, 2017.
             Slain by a jackal (2 damage)
             ... in the Dungeon (Sprint VII: "The Pits").
             The game lasted 00:01:19 (471 turns).

potatolord6000 the Insei (Gnoll Transmuter)          Turns: 471, Time: 00:01:20

Health: 0/29       AC:  2    Str: 12    XL:     3   Next: 31%
Magic:  9/9        EV: 15    Int: 16    God:
Gold:   0          SH:  0    Dex: 15    Spells: 11/12 levels left

rFire    . . .     SeeInvis .   k - +2 falchion
rCold    . . .     Gourm    .   (no shield)
rNeg     . . .     Faith    .   b - +0 robe
rPois    .         Spirit   .   (no helmet)
rElec    .         Reflect  .   (no cloak)
rCorr    .         Harm     .   (no gloves)
MR       .....     NoTele   +   (boots currently unavailable)
Stlth    ++........             (no amulet)
HPRegen  0.09/turn              (no ring)
MPRegen  0.11/turn              (no ring)

@: appendage, hasted, very quick
A: distributed training, fangs 1, talons 3, strong nose
a: End Transformation


You were in the Dungeon.
You were not hungry.
You had grown temporary talons.
You visited 1 branch

Inventory:

Hand Weapons
 k - a +2 falchion (weapon)
Missiles
 a - 12 arrows
Armour
 b - a +0 robe (worn)
Scrolls
 j - a scroll of blinking
 m - 3 scrolls of remove curse
 n - 5 scrolls of amnesia
 o - a scroll of summoning
Potions
 h - 4 potions of magic
 i - 3 potions of berserk rage
 l - 2 potions of invisibility
Books
 c - a book of Changes

   Spells                             Type                      Level
   a - Beastly Appendage              Transmutation                1
   b - Sticks to Snakes               Transmutation                2
   c - Spider Form                    Transmutation/Poison         3
   d - Ice Form                       Ice/Transmutation            4
   e - Blade Hands                    Transmutation                5
Comestibles
 d - 8 bread rations
 p - 40 fruits
 q - 7 meat rations


   Skills:
 + Level 3.2 Fighting
 + Level 1.9 Short Blades
 + Level 1.9 Long Blades
 + Level 1.9 Axes
 + Level 1.9 Maces & Flails
 + Level 1.9 Polearms
 + Level 1.9 Staves
 + Level 1.9 Slings
 + Level 1.9 Bows
 + Level 1.9 Crossbows
 + Level 1.9 Throwing
 + Level 1.9 Armour
 + Level 5.0 Dodging
 + Level 1.9 Stealth
   Level 0.0 Stabbing
 + Level 1.9 Shields
   Level 0.0 Traps
 + Level 6.8 Unarmed Combat
 + Level 5.3 Spellcasting
 + Level 1.9 Conjurations
 + Level 1.9 Hexes
 + Level 1.9 Charms
 + Level 1.9 Summonings
 + Level 1.9 Necromancy
 + Level 1.9 Translocations
 + Level 5.0 Transmutations
 + Level 1.9 Fire Magic
 + Level 1.9 Ice Magic
 + Level 1.9 Air Magic
 + Level 1.9 Earth Magic
 + Level 1.9 Poison Magic
 + Level 1.9 Invocations
 + Level 1.9 Evocations


You had 11 spell levels left.
You knew the following spells:

 Your Spells              Type           Power        Failure   Level  Hunger
a - Beastly Appendage     Tmut           ###...       1%          1    None


Dungeon Overview and Level Annotations

Branches:
Dungeon (1/1)

Altars:


Innate Abilities, Weirdness & Mutations

Your experience applies equally to all skills.
You have very sharp teeth.
Your uncanny sense of smell can sniff out nearby items.
You have claws for feet.


Message History

Unknown command.
You hit the deep elf mage. Your kick misses the deep elf mage.
You bite the deep elf mage, but do no damage.
The deep elf mage is moderately wounded.
The jackal bites you but does no damage.
The deep elf mage barely misses you.
Unknown command.
You slash the deep elf mage!
You claw the deep elf mage, but do no damage.
The deep elf mage is heavily wounded.
The jackal barely misses you.
Unknown command.
You hit the deep elf mage.
The deep elf mage is heavily wounded.
The jackal bites you.
* * * LOW HITPOINT WARNING * * *
The deep elf mage hits you with a rapier.
* * * LOW HITPOINT WARNING * * *
The jackal bites you.
You die...

#########
##########+##........
#.?(.')))'.##......#.
##########.##........
#..........)'........
#+#####'#####......#.
#...#÷#∆∆ #........
#..)#.#∆∆ ####'####
#.@h'.#∆∆ #.......#
##e####∆∆ #.......#


.EE ∆∆ #.......# #.... #...<...# #..... #.......# #...... #.......# ########
#.......# ######### You could see 2 earth elementals, a deep elf mage and a
jackal.

Vanquished Creatures
  A worker ant (D)
  A leopard gecko (D)
  2 goblins (D)
  A hobgoblin (D)
  3 jackals (D)
  A frilled lizard (D)
  A rat (D)
10 creatures vanquished.

Notes
Turn   | Place    | Note
-------+----------+-------------------------------------------
     0 | D        | potatolord6000 the Gnoll Transmuter began the quest for the Orb.
     0 | D        | Reached XP level 1. HP: 17/17 MP: 6/6
    50 | D        | Noticed a worker ant
    57 | D        | Killed a worker ant
    57 | D        | Reached skill level 1 in Short Blades
    57 | D        | Reached skill level 1 in Long Blades
    57 | D        | Reached skill level 1 in Axes
    57 | D        | Reached skill level 1 in Maces & Flails
    57 | D        | Reached skill level 1 in Polearms
    57 | D        | Reached skill level 1 in Staves
    57 | D        | Reached skill level 1 in Slings
    57 | D        | Reached skill level 1 in Bows
    57 | D        | Reached skill level 1 in Crossbows
    57 | D        | Reached skill level 1 in Throwing
    57 | D        | Reached skill level 1 in Armour
    57 | D        | Reached skill level 1 in Stealth
    57 | D        | Reached skill level 1 in Shields
    57 | D        | Reached skill level 5 in Spellcasting
    57 | D        | Reached skill level 1 in Conjurations
    57 | D        | Reached skill level 1 in Hexes
    57 | D        | Reached skill level 1 in Charms
    57 | D        | Reached skill level 1 in Summonings
    57 | D        | Reached skill level 1 in Necromancy
    57 | D        | Reached skill level 1 in Translocations
    57 | D        | Reached skill level 1 in Fire Magic
    57 | D        | Reached skill level 1 in Ice Magic
    57 | D        | Reached skill level 1 in Air Magic
    57 | D        | Reached skill level 1 in Earth Magic
    57 | D        | Reached skill level 1 in Poison Magic
    57 | D        | Reached skill level 1 in Invocations
    57 | D        | Reached skill level 1 in Evocations
    57 | D        | Reached XP level 2. HP: 8/24 MP: 6/8
    57 | D        | Reached XP level 3. HP: 10/29 MP: 6/9
   461 | D        | Noticed a deep elf mage
   461 | D        | Reached skill level 5 in Dodging
   461 | D        | Reached skill level 5 in Transmutations
   465 | D        | Noticed an earth elemental
   465 | D        | Noticed an earth elemental
   466 | D        | HP: 1/29 [deep elf mage/bolt of magma (28)]
   471 | D        | Slain by a jackal

Vault maps used:
D:        pitsprint

Skill      XL: |  1  2  3 |
---------------+----------+-----
Fighting       | 3 |  3.2
Short Blades   | 1 |  1.9
Long Blades    | 1 |  1.9
Axes           | 1 |  1.9
Maces & Flails | 1 |  1.9
Polearms       | 1 |  1.9
Staves         | 1 |  1.9
Slings         | 1 |  1.9
Bows           | 1 |  1.9
Crossbows      | 1 |  1.9
Throwing       | 1 |  1.9
Armour         | 1 |  1.9
Stealth        | 1 |  1.9
Shields        | 1 |  1.9
Spellcasting   | 5 |  5.3
Conjurations   | 1 |  1.9
Hexes          | 1 |  1.9
Charms         | 1 |  1.9
Summonings     | 1 |  1.9
Necromancy     | 1 |  1.9
Translocations | 1 |  1.9
Fire Magic     | 1 |  1.9
Ice Magic      | 1 |  1.9
Air Magic      | 1 |  1.9
Earth Magic    | 1 |  1.9
Poison Magic   | 1 |  1.9
Invocations    | 1 |  1.9
Evocations     | 1 |  1.9
Dodging        | 5 |  5.0
Transmutations | 5 |  5.0
Unarmed Combat | |  6.8

Action                   || total
-------------------------++-------
Melee: Falchion          ||    25
       Unarmed           ||     3
       Bite              ||     3
       Kick              ||     2
       Punch             ||     2
 Cast: Beastly Appendage ||     2
  Use: Potion            ||     3
 Stab: Sleeping          ||     1
Armor: Robe              ||     5
Dodge: Dodged            ||    21
       Rpst.: Falchion   ||     6

Table legend:
 A = Spawn XP
 B = Non-spawn XP
 C = Spawn XP percentage of total XP
 D = Spawn monster count
 E = Non-spawn monster count
 F = Spawn count percentage of total count
 G = Total turns spent on level
                    A         B        C        D         E        F      G
               +---------+---------+-------+---------+---------+-------+---------
         Total |       0 |      49 |   0.0 |       0 |      10 |   0.0 |   471
               +---------+---------+-------+---------+---------+-------+---------
             D |       0 |      49 |   0.0 |       0 |      10 |   0.0 |   471
               +---------+---------+-------+---------+---------+-------+---------
